NYP
AUBURN DOUBLEDAYS @ BOISE HAWKS
07/20/2045
 
TOP OF THE 1ST
Brooklyn Cyclones batting - Pitching for Hillsboro Hops : RHP Bob Thompson
Pitching: RHP Bob Thompson
Batting: RHB Miguel Morales 0-0: Ball
1-0: Ground out 5-3 (Groundball, 56, EV 98.8 MPH)
Batting: LHB Mezegebu Adofo 0-0: Called Strike
0-1: Swinging Strike
0-2: Foul Ball, location: 2F
0-2: Ball
1-2: Strikes out looking
Batting: RHB Bruno Froes 0-0: Called Strike
0-1: Hit by Pitch
Batting: RHB Jamie Franzen 0-0: Ball
Passed Ball!
Bruno Froes to second
1-0: Ball
2-0: Ball
3-0: Base on Balls
Batting: LHB Jose Nolazco 0-0: Ball
1-0: Called Strike
1-1: Foul Ball, location: 2F
1-2: Foul Ball, location: 2F
1-2: Strikes out swinging
Top of the 1st over - 0 runs, 0 hits, 0 errors, 2 left on base; Brooklyn 0 - Hillsboro 0
BOTTOM OF THE 1ST
Hillsboro Hops batting - Pitching for Brooklyn Cyclones : RHP Hideo Yamauchi
Pitching: RHP Hideo Yamauchi
Batting: LHB Jeremy Eiden 0-0: Ball
1-0: Ball
2-0: Ground out 4-3 (Groundball, 34D, EV 80.0 MPH)
Batting: LHB Todd Hecht 0-0: Ball
1-0: Fly out, F8 (Flyball, 89D, EV 90.0 MPH)
Batting: LHB Dan Seman 0-0: Ball
1-0: Ball
2-0: Foul Ball, location: 2F
2-1: Foul Ball, location: 2F
2-2: Strikes out swinging
Bottom of the 1st over - 0 runs, 0 hits, 0 errors, 0 left on base; Brooklyn 0 - Hillsboro 0
TOP OF THE 2ND
Brooklyn Cyclones batting - Pitching for Hillsboro Hops : RHP Bob Thompson
Batting: RHB Bernalldino Carreto 0-0: Called Strike
0-1: Foul Ball, location: 2F
0-2: Ball
1-2: Foul Ball, location: 2F
1-2: Foul Ball, location: 2F
1-2: Fly out, F4 (Line Drive, 4, EV 73.8 MPH)
Batting: RHB Roberto Gonzalez 0-0: Called Strike
0-1: Ball
1-1: Called Strike
1-2: Ball
2-2: SOLO HOME RUN (Flyball, 78XD, EV 110.6 MPH), Distance : 476 ft
Batting: RHB Hideo Yamauchi 0-0: Ball
1-0: DOUBLE (Line Drive, 78M, EV 96.3 MPH)
Batting: RHB Tony Serrano 0-0: Called Strike
0-1: Ball
1-1: Called Strike
1-2: Foul Ball, location: 2F
1-2: Ball
Wild Pitch!
Hideo Yamauchi to third
2-2: Fly out, F4 (Popup, 4, EV 54.4 MPH)
Batting: RHB Miguel Morales 0-0: Ball
1-0: Ball
2-0: Foul Ball, location: 2F
2-1: Foul Ball, location: 2F
2-2: Strikes out swinging
Top of the 2nd over - 1 run, 2 hits, 0 errors, 1 left on base; Brooklyn 1 - Hillsboro 0
BOTTOM OF THE 2ND
Hillsboro Hops batting - Pitching for Brooklyn Cyclones : RHP Hideo Yamauchi
Batting: SHB Nestor Ramirez 0-0: Ball
1-0: Hit by Pitch
Batting: RHB Craig Flint 0-0: Foul Ball, location: 2F
0-1: Fly out, F9 (Flyball, 89D, EV 86.9 MPH)
Batting: SHB Victor Rijos 0-0: Ball
1-0: Fielders Choice at 2nd, 4-6 (Groundball, 34D, EV 83.1 MPH)
Batting: RHB Seth Kyles 0-0: Called Strike
Victor Rijos steals 2nd base
0-1: Ground out 5-3 (Groundball, 56S, EV 85.0 MPH)
Bottom of the 2nd over - 0 runs, 0 hits, 0 errors, 1 left on base; Brooklyn 1 - Hillsboro 0
TOP OF THE 3RD
Brooklyn Cyclones batting - Pitching for Hillsboro Hops : RHP Bob Thompson
Batting: LHB Mezegebu Adofo 0-0: Called Strike
0-1: Foul Ball, location: 2F
0-2: Ball
1-2: Foul Ball, location: 2F
1-2: Foul Ball, location: 2F
1-2: SINGLE (Line Drive, 6D, EV 103.8 MPH)
Batting: RHB Bruno Froes 0-0: Ball
1-0: Foul Ball, location: 2F
1-1: Ball
2-1: Ball
Wild Pitch!
Mezegebu Adofo to second
3-1: Foul Ball, location: 2F
3-2: Base on Balls
Batting: RHB Jamie Franzen 0-0: Ball
Wild Pitch!
Mezegebu Adofo to third
Bruno Froes to second
1-0: Ball
Passed Ball!
Mezegebu Adofo scores
Bruno Froes to third
2-0: Ball
Passed Ball!
Bruno Froes scores
3-0: Base on Balls
Batting: LHB Jose Nolazco 0-0: Foul Ball, location: 2F
0-1: Ball
1-1: Swinging Strike
Passed Ball!
Jamie Franzen to second
1-2: Ball
2-2: Foul Ball, location: 2F
2-2: Ball
Passed Ball!
Jamie Franzen to third
3-2: Base on Balls
Batting: RHB Bernalldino Carreto 0-0: Ball
Jose Nolazco steals 2nd base
1-0: Called Strike
1-1: Ball
Wild Pitch!
Jamie Franzen scores
Jose Nolazco to third
2-1: Ball
3-1: Base on Balls
Batting: RHB Roberto Gonzalez 0-0: Called Strike
0-1: Swinging Strike
Passed Ball!
Jose Nolazco scores
Bernalldino Carreto to second
0-2: Foul Ball, location: 2F
0-2: Strikes out swinging
Batting: RHB Hideo Yamauchi 0-0: Ball
Wild Pitch!
Bernalldino Carreto to third
1-0: Ground out 3-1 (Groundball, 34S, EV 91.3 MPH)
Bernalldino Carreto scores
Batting: RHB Tony Serrano 0-0: Called Strike
0-1: Ball
1-1: TRIPLE (Flyball, 89XD, EV 101.9 MPH)
Pitching: RHP Chris Green
Pinch Runner at 3rd Juan Torres:
Batting: RHB Miguel Morales 0-0: Ball
1-0: Called Strike
1-1: Ball
2-1: Fly out, F8 (Line Drive, 8LD, EV 105.6 MPH)
Top of the 3rd over - 5 runs, 2 hits, 0 errors, 1 left on base; Brooklyn 6 - Hillsboro 0
BOTTOM OF THE 3RD
Hillsboro Hops batting - Pitching for Brooklyn Cyclones : RHP Hideo Yamauchi
Now in LF: Aaron Knez
Batting: RHB Tony Infante 0-0: Ball
1-0: Fly out, F6 (Flyball, 56D, EV 90.6 MPH)
Batting: RHB Chris Green 0-0: Called Strike
0-1: Foul Ball, location: 2F
0-2: Ball
1-2: Ground out 5-3 (Groundball, 5L, EV 92.5 MPH)
Batting: LHB Jeremy Eiden 0-0: Ground out 3-1 (Groundball, 34, EV 103.1 MPH)
Bottom of the 3rd over - 0 runs, 0 hits, 0 errors, 0 left on base; Brooklyn 6 - Hillsboro 0
TOP OF THE 4TH
Brooklyn Cyclones batting - Pitching for Hillsboro Hops : RHP Chris Green
Batting: LHB Mezegebu Adofo 0-0: Foul Ball, location: 2F
0-1: Foul Ball, location: 2F
0-2: Foul Ball, location: 2F
0-2: Ball
1-2: Ball
2-2: Foul Ball, location: 2F
2-2: Foul Ball, location: 2F
2-2: Ground out 4-3 (Groundball, 4, EV 91.3 MPH)
Batting: RHB Bruno Froes 0-0: Ball
1-0: Ball
2-0: Called Strike
2-1: Ball
3-1: Base on Balls
Batting: RHB Jamie Franzen 0-0: Called Strike
0-1: Ball
1-1: Ball
Passed Ball!
Bruno Froes to second
2-1: Foul Ball, location: 2F
2-2: Foul Ball, location: 2F
2-2: Foul Ball, location: 2F
2-2: Ball
3-2: SINGLE (Line Drive, 3L, EV 108.8 MPH)
Bruno Froes to third
Batting: LHB Jose Nolazco 0-0: Fly out, F8 (Flyball, 89D, EV 106.3 MPH)
Batting: RHB Bernalldino Carreto 0-0: Ball
1-0: Foul Ball, location: 2F
1-1: Foul Ball, location: 2F
1-2: Ball
2-2: Ball
3-2: Base on Balls
Jamie Franzen to second
Batting: RHB Roberto Gonzalez 0-0: Ground out 1-3 (Groundball, 15, EV 66.9 MPH)
Top of the 4th over - 0 runs, 1 hit, 0 errors, 3 left on base; Brooklyn 6 - Hillsboro 0
BOTTOM OF THE 4TH
Hillsboro Hops batting - Pitching for Brooklyn Cyclones : RHP Hideo Yamauchi
Batting: LHB Todd Hecht 0-0: Foul Ball, location: 2F
0-1: Foul Ball, location: 2F
0-2: Ball
1-2: Strikes out swinging
Batting: LHB Dan Seman 0-0: Swinging Strike
0-1: Ball
1-1: Called Strike
1-2: Strikes out looking
Batting: SHB Nestor Ramirez 0-0: Called Strike
0-1: Ball
1-1: Foul Ball, location: 2F
1-2: Ball
2-2: Strikes out swinging
Bottom of the 4th over - 0 runs, 0 hits, 0 errors, 0 left on base; Brooklyn 6 - Hillsboro 0
TOP OF THE 5TH
Brooklyn Cyclones batting - Pitching for Hillsboro Hops : RHP Chris Green
Batting: RHB Hideo Yamauchi 0-0: Called Strike
0-1: Ground out 3-1 (Groundball, 34, EV 78.8 MPH)
Batting: RHB Aaron Knez 0-0: Called Strike
0-1: Called Strike
0-2: Ball
1-2: Ball
2-2: Foul Ball, location: 2F
2-2: DOUBLE (Line Drive, 7LD, EV 102.5 MPH)
Batting: RHB Miguel Morales 0-0: Ball
Passed Ball!
Aaron Knez to third
1-0: Foul Ball, location: 2F
1-1: Foul Ball, location: 2F
1-2: Ball
2-2: Fly out, F8 (Line Drive, 8RD, EV 86.9 MPH)
Runner from 3rd tags up, SCORES, no throw by CF
Batting: LHB Mezegebu Adofo 0-0: Ground out 6-3 (Groundball, 6, EV 98.8 MPH)
Top of the 5th over - 1 run, 1 hit, 0 errors, 0 left on base; Brooklyn 7 - Hillsboro 0
BOTTOM OF THE 5TH
Hillsboro Hops batting - Pitching for Brooklyn Cyclones : RHP Hideo Yamauchi
Batting: RHB Craig Flint 0-0: Called Strike
0-1: Swinging Strike
0-2: Ball
1-2: Strikes out looking
Batting: SHB Victor Rijos 0-0: Ball
1-0: Foul Ball, location: 2F
1-1: Ball
2-1: Foul Ball, location: 2F
2-2: Strikes out swinging
Batting: RHB Seth Kyles 0-0: Swinging Strike
0-1: Swinging Strike
0-2: Strikes out swinging
Bottom of the 5th over - 0 runs, 0 hits, 0 errors, 0 left on base; Brooklyn 7 - Hillsboro 0
TOP OF THE 6TH
Brooklyn Cyclones batting - Pitching for Hillsboro Hops : RHP Chris Green
Batting: RHB Bruno Froes 0-0: Called Strike
0-1: Ball
1-1: Foul Ball, location: 2F
1-2: Ball
2-2: Fly out, F9 (Flyball, 9, EV 90.0 MPH)
Pitching: RHP Pat Clarke
Batting: RHB Jamie Franzen 0-0: Called Strike
0-1: Foul Ball, location: 2F
0-2: Ball
1-2: Foul Ball, location: 2F
1-2: Foul Ball, location: 2F
1-2: Foul Ball, location: 2F
1-2: Ball
2-2: Ground out 6-3 (Groundball, 6, EV 104.4 MPH)
Batting: LHB Jose Nolazco 0-0: Ground out 4-3 (Groundball, 4, EV 109.4 MPH)
Top of the 6th over - 0 runs, 0 hits, 0 errors, 0 left on base; Brooklyn 7 - Hillsboro 0
BOTTOM OF THE 6TH
Hillsboro Hops batting - Pitching for Brooklyn Cyclones : RHP Hideo Yamauchi
Batting: RHB Tony Infante 0-0: Ball
1-0: Swinging Strike
1-1: Ball
2-1: Called Strike
2-2: Ball
3-2: DOUBLE (Groundball, 3L, EV 104.4 MPH)
Pinch Hitting: RHB Cortez Hernandez 0-0: Ball
1-0: Called Strike
1-1: Fly out, F4 (Popup, 23, EV 87.5 MPH)
Batting: LHB Jeremy Eiden 0-0: Ball
Wild Pitch!
Tony Infante to third
1-0: Called Strike
1-1: Ball
2-1: Foul Ball, location: 2F
2-2: Ball
3-2: Strikes out swinging
Batting: LHB Todd Hecht 0-0: Called Strike
0-1: Foul Ball, location: 2F
0-2: Foul Ball, location: 2F
0-2: Foul Ball, location: 2F
0-2: Strikes out swinging
Bottom of the 6th over - 0 runs, 1 hit, 0 errors, 1 left on base; Brooklyn 7 - Hillsboro 0
TOP OF THE 7TH
Brooklyn Cyclones batting - Pitching for Hillsboro Hops : RHP Pat Clarke
Pitching: LHP Zach Fields
Batting: RHB Bernalldino Carreto 0-0: Called Strike
0-1: Ball
1-1: Called Strike
1-2: Foul Ball, location: 2F
1-2: Strikes out swinging
Batting: RHB Roberto Gonzalez 0-0: Ball
1-0: Called Strike
1-1: Ball
2-1: Ball
3-1: Called Strike
3-2: Foul Ball, location: 2F
3-2: Fly out, F8 (Flyball, 89S, EV 81.3 MPH)
Batting: RHB Hideo Yamauchi 0-0: Called Strike
0-1: Ball
1-1: Foul Ball, location: 2F
1-2: Foul Ball, location: 2F
1-2: Ball
2-2: Ball
3-2: Strikes out swinging
Top of the 7th over - 0 runs, 0 hits, 0 errors, 0 left on base; Brooklyn 7 - Hillsboro 0
BOTTOM OF THE 7TH
Hillsboro Hops batting - Pitching for Brooklyn Cyclones : RHP Hideo Yamauchi
Batting: LHB Dan Seman 0-0: Called Strike
0-1: DOUBLE (Groundball, 5L, EV 101.9 MPH)
Batting: SHB Nestor Ramirez 0-0: Fly out, F6 (Popup, 6M, EV 76.9 MPH)
Batting: RHB Craig Flint 0-0: Foul Ball, location: 2F
0-1: Called Strike
0-2: Strikes out looking
Batting: SHB Victor Rijos 0-0: Called Strike
0-1: Ball
1-1: Ball
2-1: Swinging Strike
2-2: Strikes out swinging
Bottom of the 7th over - 0 runs, 1 hit, 0 errors, 1 left on base; Brooklyn 7 - Hillsboro 0
TOP OF THE 8TH
Brooklyn Cyclones batting - Pitching for Hillsboro Hops : LHP Zach Fields
Batting: RHB Aaron Knez 0-0: Ball
1-0: Ball
2-0: Ball
3-0: Base on Balls
Pitching: RHP Alex Landa
Batting: RHB Miguel Morales 0-0: Ball
1-0: Ball
2-0: Ball
Wild Pitch!
Aaron Knez to second
3-0: Base on Balls
Batting: LHB Mezegebu Adofo 0-0: Ball
1-0: Foul Ball, location: 2F
1-1: Ball
2-1: Foul Ball, location: 2F
2-2: Ball
3-2: Base on Balls
Aaron Knez to third
Miguel Morales to second
Batting: RHB Bruno Froes 0-0: Ball
1-0: Ball
Passed Ball!
Aaron Knez scores
Miguel Morales to third
Mezegebu Adofo to second
2-0: Called Strike
2-1: Ground out 6-3 (Groundball, 6S, EV 66.9 MPH)
Miguel Morales scores
Mezegebu Adofo to third
Batting: RHB Jamie Franzen 0-0: Ball
1-0: Foul Ball, location: 2F
1-1: Ball
2-1: Called Strike
2-2: Foul Ball, location: 2F
2-2: Ground out 6-3 (Groundball, 56, EV 80.6 MPH)
Mezegebu Adofo scores
Batting: LHB Jose Nolazco 0-0: Ball
1-0: Ball
2-0: Ball
3-0: Called Strike
3-1: Base on Balls
Batting: RHB Bernalldino Carreto Balk!
Jose Nolazco to second
0-0: Ball
Wild Pitch!
Jose Nolazco to third
1-0: Ball
2-0: Ball
3-0: Called Strike
3-1: Fly out, F9 (Flyball, 9LM, EV 86.3 MPH)
Top of the 8th over - 3 runs, 0 hits, 0 errors, 1 left on base; Brooklyn 10 - Hillsboro 0
BOTTOM OF THE 8TH
Hillsboro Hops batting - Pitching for Brooklyn Cyclones : RHP Hideo Yamauchi
Batting: RHB Seth Kyles 0-0: Called Strike
0-1: Swinging Strike
0-2: Strikes out swinging
Batting: RHB Tony Infante 0-0: Foul Ball, location: 2F
0-1: Ground out 4-3 (Groundball, 4, EV 99.4 MPH)
Batting: RHB Alex Landa 0-0: Foul Ball, location: 2F
0-1: Ball
1-1: Called Strike
1-2: Strikes out swinging
Bottom of the 8th over - 0 runs, 0 hits, 0 errors, 0 left on base; Brooklyn 10 - Hillsboro 0
TOP OF THE 9TH
Brooklyn Cyclones batting - Pitching for Hillsboro Hops : RHP Alex Landa
Batting: RHB Roberto Gonzalez 0-0: Ball
1-0: Foul Ball, location: 2F
1-1: Ball
2-1: Ball
3-1: Foul Ball, location: 2F
3-2: Foul Ball, location: 2F
3-2: Base on Balls
Batting: RHB Hideo Yamauchi 0-0: Bunt missed!
0-1: Bunt missed!
0-2: Bunted foul, Strikeout!
Batting: RHB Aaron Knez 0-0: Called Strike
0-1: Swinging Strike
Passed Ball!
Roberto Gonzalez to second
0-2: Foul Ball, location: 2F
0-2: Foul Ball, location: 2F
0-2: Ball
1-2: Ball
2-2: Ground out 4-3 (Groundball, 34, EV 90.0 MPH)
Roberto Gonzalez to third
Batting: RHB Miguel Morales 0-0: Ball
Passed Ball!
Roberto Gonzalez scores
1-0: Ball
2-0: Ground out 5-3 (Groundball, 56, EV 79.4 MPH)
Top of the 9th over - 1 run, 0 hits, 0 errors, 0 left on base; Brooklyn 11 - Hillsboro 0
BOTTOM OF THE 9TH
Hillsboro Hops batting - Pitching for Brooklyn Cyclones : RHP Hideo Yamauchi
Batting: LHB Jeremy Eiden 0-0: Ball
1-0: Foul Ball, location: 2F
1-1: Ball
2-1: Swinging Strike
2-2: Ball
3-2: Strikes out swinging
Batting: LHB Todd Hecht 0-0: Ball
1-0: Foul Ball, location: 2F
1-1: Ground out 5-3 (Groundball, 56, EV 80.0 MPH)
Batting: LHB Dan Seman 0-0: Ball
1-0: Foul Ball, location: 2F
1-1: Foul Ball, location: 2F
1-2: Foul Ball, location: 2F
1-2: Strikes out swinging
Bottom of the 9th over - 0 runs, 0 hits, 0 errors, 0 left on base; Brooklyn 11 - Hillsboro 0
Wednesday, June 22nd , 2022 - OOTP Baseball 23.4 Build 64